 Dungeon Crawl Stone Soup version 0.18.1-47-g9310371 (webtiles) character file.

156 KrisztiCat the Digger (level 5, -8/28 HPs)
             Began as a Gargoyle Earth Elementalist on June 20, 2016.
             Mangled by TBriggs11TB's ghost (9 damage)
             ... on level 4 of the Dungeon.
             The game lasted 00:16:57 (2895 turns).

KrisztiCat the Digger (Gargoyle Earth Elementalist) Turns: 2895, Time: 00:16:58

Health: -8/28      AC:  8    Str: 11    XL:     5   Next: 38%
Magic:  3/11       EV: 12    Int: 17    God:
Gold:   173        SH:  0    Dex: 10    Spells: 1 memorised, 11 levels left

rFire  . . .     SeeInvis .     b - 85 stones
rCold  . . .     Gourm    .     j - +0 robe
rNeg   + . .     Faith    .     (no shield)
rPois  ∞         Spirit   .     (no helmet)
rElec  +         Dismiss  .     u - +0 cloak
rCorr  .         Reflect  .     (no gloves)
SustAt .         Harm     .     w - +0 pair of boots
MR     .....                    (no amulet)
Stlth  +++.......               m - ring of flight
                                i - ring of stealth

@: invisible, not resistant to hostile enchantments, fairly stealthy
A: negative energy resistance 1, electricity resistance, unbreathing,
petrification resistance, rot immunity, AC +4
a: Evoke Flight


You were on level 4 of the Dungeon.
You were not hungry.

You visited 1 branch of the dungeon, and saw 5 of its levels.

You collected 173 gold pieces.

Inventory:

Hand Weapons
 a - a +0 whip of venom
Missiles
 b - 85 stones (in hand)
Armour
 j - a +0 robe (worn)
 u - a +0 cloak (worn)
 w - a +0 pair of boots (worn)
Jewellery
 i - a ring of stealth (left hand)
 m - a ring of flight (right hand)
 r - an uncursed ring of magical power {unknown}
Scrolls
 f - 6 scrolls of enchant weapon {unknown}
 l - 2 scrolls of teleportation {unknown}
 n - a scroll of identify {unknown}
 p - a scroll of magic mapping {unknown}
 q - 3 scrolls of immolation {unknown}
 t - a scroll of fog {unknown}
Potions
 e - a potion of lignification {unknown}
 g - a potion of invisibility
 h - a potion of berserk rage {unknown}
 s - a potion of magic {unknown}
 x - a potion of heal wounds {unknown}
Books
 c - a book of Geomancy

   Spells                             Type                      Level
   a - Sandblast                      Earth                        1
   b - Passwall                       Transmutation/Earth          2
   c - Stone Arrow                    Conjuration/Earth            3
   d - Petrify                        Transmutation/Earth          4
   e - Lee's Rapid Deconstruction     Earth                        5
Comestibles
 d - 2 bread rations
 o - 4 meat rations


   Skills:
 - Level 1.5 Dodging
 - Level 2.1 Stealth
 * Level 4.3 Spellcasting
   Level 0.7 Transmutations
 + Level 4.8 Earth Magic


You had 11 spell levels left.
You knew the following spells:

 Your Spells              Type           Power        Failure   Level  Hunger
a - Sandblast             Erth           ###...       2%          1    None


Dungeon Overview and Level Annotations

Branches:
Dungeon (5/15)
 Temple: D:4-7

Altars:

Annotations:
D:4 TBriggs11TB's ghost, novice KoHu


Innate Abilities, Weirdness & Mutations

You are resistant to torment.
Your stone body is resilient (AC +4).
You are immune to poison.
You resist negative energy.
You are resistant to electric shocks.
You can survive without breathing.
You are immune to petrification.
You are immune to rotting.


Message History

The rocky blast hits TBriggs11TB's ghost.
TBriggs11TB's ghost is heavily damaged.
TBriggs11TB's ghost barely misses you.
Casting: Sandblast
Confirm with . or Enter, or press ? or * to list all spells.
Aiming: Sandblast
Press: ? - help, Shift-Dir - straight line, f/p - orc priest
Aim: an orc priest, wielding a hand axe The rocky blast hits TBriggs11TB's ghost.
TBriggs11TB's ghost is heavily damaged.
TBriggs11TB's ghost hits you.
The orc priest calls down the wrath of Beogh upon you.
Beogh smites you!
Ouch! That really hurt!
* * * LOW HITPOINT WARNING * * *
Drink which item? (? for menu, Esc to quit)
It was a potion of invisibility.
You fade into invisibility!
TBriggs11TB's ghost hits you!
You die...

.......
....#....#.........#
.......
#...##...#.........
.....o.##o..##...#........
.............#...#........
#########....#...#........
....##....#...#........
...........#...#........
..........o#...#........
..........{W@..'........
########################


You could see an orc priest and TBriggs11TB's ghost.

Vanquished Creatures
  A hound (D:4)
  Terence (D:3)
  2 adders
  An ooze (D:4)
  An adder zombie (D:3)
  2 worms
  A giant gecko (D:3)
  2 orcs
  7 bats
  A giant cockroach (D:2)
  9 hobgoblins
  7 jackals (D:3)
  2 quokkas
  2 ball pythons
  A giant gecko skeleton (D:3)
  4 giant newts
  8 goblins
  11 kobolds
  4 rats
67 creatures vanquished.

Notes
Turn   | Place    | Note
--------------------------------------------------------------
     0 | D:1      | KrisztiCat the Gargoyle Earth Elementalist began the quest for the Orb.
     0 | D:1      | Reached XP level 1. HP: 10/10 MP: 3/3
   240 | D:1      | Reached XP level 2. HP: 15/15 MP: 1/5
   947 | D:2      | Reached XP level 3. HP: 17/19 MP: 2/7
  1751 | D:3      | Noticed Terence
  1762 | D:3      | Killed Terence
  1762 | D:3      | Reached XP level 4. HP: 14/24 MP: 1/9
  2389 | D:3      | Reached XP level 5. HP: 27/28 MP: 11/11
  2595 | D:5      | Entered Level 5 of the Dungeon
  2651 | D:4      | Noticed TBriggs11TB's ghost (novice KoHu)
  2894 | D:4      | HP: 1/28 [orc priest/divine providence (15)]
  2895 | D:4      | Mangled by TBriggs11TB's ghost

Skill      XL: |  1  2  3  4 |
---------------+-------------+-----
Spellcasting   | 3 4 |  4.3
Earth Magic    | 4 |  4.8
Dodging        | |  1.5
Stealth        | |  2.1
Transmutations | |  0.7

Action                   |  1- 3 |  4- 6 || total
-------------------------+-------+-------++-------
Melee: Unarmed           |    16 |       ||    16
       Whip              |    89 |    61 ||   150
 Cast: Sandblast         |    45 |    50 ||    95
  Use: Potion            |       |     1 ||     1
 Stab: Sleeping          |     3 |     5 ||     8
  Eat: Chunk             |     3 |     3 ||     6
       Beef jerky        |       |     1 ||     1
Armor: Robe              |    46 |    41 ||    87
Dodge: Dodged            |    94 |    49 ||   143
